 Dungeon Crawl Stone Soup version 0.31-a0-963-ga325b2283a (webtiles) character file.

Game seed: 17915426371863503812

6513 Gargoyl the Protected (level 11, -1/72 HPs)
             Began as a Gargoyle Berserker on Oct 25, 2023.
             Was a Priest of Trog.
             Slain by an orc warrior
             ... wielding a +0 glaive
              (2 damage)
             ... on level 9 of the Dungeon.
             The game lasted 00:10:38 (7999 turns).

Gargoyl the Protected (Gargoyle Berserker)          Turns: 7999, Time: 00:10:38

Health: -1/72      AC: 23    Str: 27    XL:     11   Next: 0%
Magic:  11/11      EV: 13    Int:  8    God:    Trog [***...]
Gold:   380        SH:  0    Dex: 13    Spells: 10/10 levels left

rFire   . . .        b - +1 war axe
rCold   + . .        (no shield)
rNeg    + . .        e - +1 scale mail {rC+}
rPois   ∞            (no helmet)
rElec   +            (no cloak)
rCorr   .            (no gloves)
SInv    .            j - +2 pair of boots
Will    +++..        (no amulet) Stlth
                     w - +6 ring of strength
HPRegen 1.32/turn    q - ring of willpower
MPRegen 0.12/turn

%: no passive effects
@: confused, ambrosia-drunk, strong-willed (expiring), on berserk cooldown,
regenerating (expiring), slowed, very slow
A: sickness immunity, AC +8, negative energy resistance 1, electricity
resistance, torment resistance 1, petrification resistance, iridescent scales 1,
robust 1
a: Renounce Religion, Berserk, Trog's Hand


You were on level 9 of the Dungeon.
You worshipped Trog.
Trog was most pleased with you.
You visited 1 branch of the dungeon, and saw 9 of its levels.

You collected 567 gold pieces.
You spent 187 gold pieces at shops.

Inventory:

Hand Weapons
 a - a +0 hand axe
 b - a +1 war axe (weapon)
 c - a +2 short sword of venom
Missiles
 r - 2 curare-tipped darts (quivered)
 s - 37 poisoned darts
 y - 2 throwing nets
Armour
 e - a +1 scale mail of cold resistance (worn)
 j - a +2 pair of boots (worn)
Jewellery
 q - a ring of willpower (right hand)
 w - a +6 ring of strength (left hand)
Wands
 h - a wand of quicksilver (21)
 z - a wand of digging (4)
Scrolls
 g - 4 scrolls of fear
 i - 3 scrolls of teleportation
 k - 2 scrolls of revelation
 m - 2 scrolls of silence
 p - a scroll of blinking
 u - a scroll of vulnerability {unknown}
 v - a scroll of identify
 A - a scroll of enchant weapon
Potions
 d - 5 potions of curing
 f - a potion of berserk rage
 l - a potion of resistance
 n - a potion of lignification {unknown}
 o - 8 potions of ambrosia
 t - a potion of heal wounds {unknown}
 x - a potion of might {unknown}


   Skills:
 + Level 6.9 Fighting
 + Level 7.1 Short Blades
 + Level 6.1 Axes
 * Level 10.1 Armour
 * Level 6.2 Dodging
 + Level 2.3 Stealth


You had 10 spell levels left.
You didn't know any spells.
Your spell library was empty.

Dungeon Overview and Level Annotations

Branches:
Dungeon (9/15)             Temple (0/1) D:6            Lair (0/5) D:8
    Orc (0/2) D:9

Altars:
Hepliaklqana
Kikubaaqudgha
Qazlal
Ru
Trog

Shops:
D:2 *   D:4 ?[?=   D:7 ((*


Innate Abilities, Weirdness & Mutations

You are immune to sickness and miasma.
Your stone body is resilient. (AC +8)
You are immune to poison.
You resist negative energy. (rN+)
You are resistant to electric shocks. (rElec)
You are resistant to unholy torment.
You are immune to petrification.
You are partially covered in iridescent scales. (AC +2)
You are robust. (+10% HP)


Message History

The orc warrior hits you but does no damage.
The warg bites you but does no damage. The orc warrior completely misses you.
The orc warrior hits you but does no damage.
You slash the orc warrior!
The orc warrior is almost dead.
You hit the orc warrior but do no damage.
You barely miss the warg. The warg closely misses you.
The orc warrior barely misses you.
The orc warrior hits you with a +0 glaive!
The warg bites you but does no damage.
The orc warrior hits you with a +0 glaive.
The orc warrior suddenly grunts.
The orc warrior hits you but does no damage.
The warg closely misses you.
You hit the orc warrior.
The orc warrior is almost dead.
You barely miss the orc warrior. You barely miss the warg.
The warg barely misses you. The orc warrior barely misses you.
The orc warrior misses you. The warg barely misses you.
The orc warrior hits you with a +0 glaive!
* * * LOW HITPOINT WARNING * * *
The orc warrior closely misses you.
You are confused.
You feel invigorated.
You feel the effects of Trog's Hand fading.
The warg barely misses you. The orc warrior misses you.
The orc warrior hits you with a +0 glaive!
* * * LOW HITPOINT WARNING * * *
The warg bites you but does no damage.
You're too confused to move!
The warg bites you!
* * * LOW HITPOINT WARNING * * *
The orc warrior hits you with a +0 trident.
* * * LOW HITPOINT WARNING * * *
The orc warrior barely misses you. The orc warrior closely misses you.
The orc warrior barely misses you. The warg closely misses you.
Unknown command.
The orc warrior hits you with a +0 trident!
* * * LOW HITPOINT WARNING * * *
The orc warrior hits you with a +0 glaive.
You die...

#..##...............###.
....#.#####............
#.)...## ##..........#
#...#..###.....?.<...#
....##.##............#
###..#.##.......)....#
..#........#....)...####
...............oho......
..###...........@.......
..###...................
..#...###...............
...|.# #........>......
..##.####...............
..##....................
.......# #..............
..###.## #..............
.## ..


You could see a warg and 2 orc warriors.

Vanquished Creatures
  A deep elf pyromancer (D:8)
  A cyclops (D:8)
  A kobold demonologist (D:9)
  Sigmund (D:2)
  A wyvern (D:7)
  5 yaks (D:9)
  A water moccasin (D:8)
  An orc warrior (D:8)
  3 black bears
  3 ice beasts
  A centaur (D:7)
  5 phantoms
  5 kobold brigands
  A bullfrog (D:9)
  4 scorpions
  2 gnoll sergeants (D:9)
  26 killer bees
  A howler monkey (D:5)
  4 hounds
  3 orc priests
  3 jellies
  A sleepcap (D:6)
  Natasha (twice) (D:2)
  7 orc wizards
  An iguana (D:6)
  7 gnolls (D:9)
  3 adders
  2 shadow imps
  4 white imps
  2 worms (D:2)
  2 dart slugs (D:2)
  31 orcs
  5 endoplasms
  4 giant cockroaches
  7 goblins
  6 hobgoblins
  37 kobolds
  4 quokkas
  4 ball pythons
  4 bats
  15 frilled lizards
  3 rats (D:3)
224 creatures vanquished.

Vanquished Creatures (collateral kills)
  A queen bee (D:9)
  A yak (D:9)
  2 killer bees (D:9)
4 creatures vanquished.

Grand Total: 228 creatures vanquished

Notes
Turn   | Place    | Note
-------+----------+-------------------------------------------
     0 | D:1      | Gargoyl the Gargoyle Berserker began the quest for the Orb.
     0 | D:1      | Reached XP level 1. HP: 14/14 MP: 1/1
   304 | D:1      | Reached XP level 2. HP: 19/19 MP: 2/2
   697 | D:1      | Found a faded altar of an unknown god.
  1135 | D:2      | Reached XP level 3. HP: 23/24 MP: 3/3
  1180 | D:2      | Noticed Natasha
  1194 | D:2      | HP: 1/36 [Natasha (6)]
  1195 | D:2      | Killed Natasha
  1286 | D:2      | Found Ocwoegia's General Store.
  1308 | D:2      | Reached skill level 3 in Armour
  1308 | D:2      | Reached XP level 4. HP: 29/29 MP: 4/4
  1341 | D:2      | Bought a scroll of teleportation for 42 gold pieces
  1341 | D:2      | Bought a +0 pair of boots for 63 gold pieces
  1372 | D:2      | Reached ** piety under Trog
  1489 | D:2      | Noticed Sigmund
  1492 | D:2      | Noticed Natasha
  1498 | D:2      | Killed Sigmund
  1499 | D:2      | Reached skill level 1 in Short Blades
  1499 | D:2      | Reached XP level 5. HP: 34/34 MP: 5/5
  1499 | D:2      | Reached XP level 6. HP: 39/39 MP: 6/6
  1501 | D:2      | Killed Natasha
  1502 | D:2      | Reached skill level 4 in Armour
  1867 | D:3      | Reached skill level 1 in Stealth
  1904 | D:3      | Found a stormy altar of Qazlal.
  2549 | D:4      | Found Pipaxiach's Magic Scroll Emporium.
  2557 | D:4      | Found Asystawk's Armour Emporium.
  2830 | D:4      | Reached XP level 7. HP: 24/44 MP: 7/7
  3022 | D:4      | Found Xaozaame's Jewellery Emporium.
  3174 | D:4      | Found Yxzirure's Magic Scroll Shop.
  3188 | D:4      | Bought a scroll of blinking for 82 gold pieces
  3231 | D:5      | Entered Level 5 of the Dungeon
  3300 | D:5      | Reached *** piety under Trog
  3313 | D:5      | Reached skill level 5 in Armour
  3344 | D:5      | Found a bloodstained altar of Trog.
  3404 | D:5      | Found a sacrificial altar of Ru.
  4038 | D:5      | Reached skill level 5 in Fighting
  4038 | D:5      | Reached XP level 8. HP: 44/49 MP: 8/8
  4126 | D:6      | Reached skill level 6 in Armour
  4182 | D:6      | Gained mutation: You are weak. (Str -2) [potion of
                  | mutation]
  4182 | D:6      | Gained mutation: Your spells are a little harder to cast,
                  | but a little more powerful. [potion of mutation]
  4182 | D:6      | Gained mutation: You occasionally lose the ability to read
                  | scrolls when taking damage. [potion of mutation]
  4183 | D:6      | Lost mutation: You occasionally lose the ability to read
                  | scrolls when taking damage. [potion of mutation]
  4183 | D:6      | Lost mutation: You are weak. (Str -2) [potion of mutation]
  4183 | D:6      | Lost mutation: Your spells are a little harder to cast, but
                  | a little more powerful. [potion of mutation]
  4183 | D:6      | Gained mutation: You have large cloven feet. [potion of
                  | mutation]
  4183 | D:6      | Gained mutation: You are occasionally teleported next to
                  | monsters. [potion of mutation]
  4184 | D:6      | Lost mutation: You have large cloven feet. [potion of
                  | mutation]
  4184 | D:6      | Lost mutation: You are occasionally teleported next to
                  | monsters. [potion of mutation]
  4184 | D:6      | Gained mutation: Your spells are a little easier to cast,
                  | but a little less powerful. [potion of mutation]
  4184 | D:6      | Lost mutation: Your spells are a little easier to cast, but
                  | a little less powerful. [potion of mutation]
  4184 | D:6      | Gained mutation: You are partially covered in iridescent
                  | scales. (AC +2) [potion of mutation]
  4184 | D:6      | Gained mutation: You are robust. (+10% HP) [potion of
                  | mutation]
  4255 | D:6      | Found a staircase to the Ecumenical Temple.
  4440 | D:6      | Reached skill level 5 in Short Blades
  4531 | D:6      | Reached skill level 7 in Armour
  4843 | D:7      | Reached XP level 9. HP: 52/59 MP: 9/9
  5007 | D:7      | Found Opemm's Antique Weapon Emporium.
  5050 | D:7      | Found an ancient bone altar of Kikubaaqudgha.
  5088 | D:7      | Reached **** piety under Trog
  5254 | D:7      | Found Tiusmiug's General Store.
  5289 | D:7      | Found Puerubb's Weapon Shoppe.
  6140 | D:8      | Noticed a cyclops
  6154 | D:8      | Killed a cyclops
  6155 | D:8      | Reached skill level 8 in Armour
  6416 | D:8      | Found a hazy altar of Hepliaklqana.
  6617 | D:8      | Found a staircase to the Lair.
  6700 | D:8      | Reached XP level 10. HP: 56/66 MP: 10/10
  6799 | D:8      | Noticed a deep elf pyromancer
  6815 | D:8      | Killed a deep elf pyromancer
  6816 | D:8      | Reached skill level 9 in Armour
  6816 | D:8      | Reached skill level 5 in Dodging
  7193 | D:9      | Noticed a kobold demonologist
  7212 | D:9      | Killed a kobold demonologist
  7559 | D:9      | Reached skill level 5 in Axes
  7654 | D:9      | Reached skill level 10 in Armour
  7897 | D:9      | Reached XP level 11. HP: 67/72 MP: 11/11
  7973 | D:9      | Found a staircase to the Orcish Mines.
  7998 | D:9      | HP: 2/72 [orc warrior/+0 trident (5)]
  7999 | D:9      | Slain by an orc warrior

Illustrated notes

Levels and vault maps discovered:
D:1:      ncdulo_smallfort, layout_loops_corners,
          shapermc_ecumenical_altar_mp_highgroup
D:2:      layout_loops_ring, serial_shops, shop, minmay_lizard_pond,
          uniq_sigmund, uniq_natasha
D:3:      layout_loops_ring, grunt_qazlal_clouds, minivault_27,
          grunt_ministairs_6, dreamdust_princess_corridor,
          chequers_serial_rivers_micro_d, minivault_14, fountainhead,
          minmay_misc_feat_hallway, chequers_avenue
D:4:      layout_basic, serial_shops, nicolae_shop_window_shopping, shop,
          nicolae_diamond_shop, nicolae_shop_statue_plus, serial_park_tiny_2
D:5:      layout_layer_cave, nicolae_ru_great_annihilating_truth,
          trog_butcher_becter, dk_rats_in_the_wall
D:6:      layout_cave_pools, minmay_temple_entry_statues
D:7:      layout_loops_corners, mainiacjoe_overflow_boulevard, serial_glass,
          glass_columns_c, glass_columns_a, serial_shops,
          nicolae_shop_tiny_waterfront, nicolae_diamond_shop,
          nicolae_shop_temple_entry_statues_fountains
D:8:      layout_basic, overflow_temple_1_default, lair_entry_dummy,
          guppyfry_early_elven_hall
D:9:      layout_rooms, david_orc_3, special_room [special_room_bee],
          nicolae_tricolors

Skill      XL: |  1  2  3  4  5  6  7  8  9 10 |
---------------+-------------------------------+-----
Axes           | 3 6 |  6.1
Armour         | 3 4 5 7 8 10 | 10.1
Fighting       | 4 5 6 |  6.9
Short Blades   | 1 2 4 5 6 7 |  7.1
Dodging        | 2 3 4 6 |  6.2
Stealth        | 1 2 |  2.3

Action                     |  1- 3 |  4- 6 |  7- 9 | 10-12 || total
---------------------------+-------+-------+-------+-------++-------
  Melee: Hand axe          |    12 |       |       |       ||    12
         Short sword       |    50 |   173 |   571 |    10 ||   804
         Punch             |       |     3 |    12 |     5 ||    20
         War axe           |       |       |       |   335 ||   335
 Invoke: Berserk           |     1 |     1 |     5 |     6 ||    13
         Trog's Hand       |       |     1 |     2 |     9 ||    12
         Brothers in Arms  |       |       |       |     1 ||     1
    Use: Scroll            |     1 |     7 |     4 |       ||    12
         Potion            |       |       |     3 |     1 ||     4
   Stab: Invisible         |       |       |     1 |       ||     1
         Paralysed         |       |       |     1 |       ||     1
 Armour: Ring mail         |     7 |       |       |       ||     7
         Scale mail        |    29 |   104 |   434 |   433 ||  1000
  Dodge: Dodged            |    31 |    90 |   283 |   453 ||   857

Table legend: (Time is in decaauts)
 A = Elapsed time spent in this place.
 B = Non-inter-level travel time spent in this place.
 C = Inter-level travel time spent in this place.
 D = Time resting spent in this place.
 E = Time spent auto-exploring this place.
 F = Levels seen in this place.
 G = Mean time per level.
                   A        B        C        D        E       F      G
               +--------+--------+--------+--------+--------+-----+--------+
         Total |   8022 |   7822 |    200 |    568 |   5197 |   9 |  891.3 |
       Dungeon |   8022 |   7822 |    200 |    568 |   5197 |   9 |  891.3 |
               +--------+--------+--------+--------+--------+-----+--------+

Top non-repeatable levels by time:
     D:7: 1261 daAuts
     D:8: 1051 daAuts
     D:9: 961 daAuts
     D:1: 948 daAuts
     D:5: 863 daAuts
     D:3: 807 daAuts
     D:2: 767 daAuts
     D:4: 704 daAuts
     D:6: 657 daAuts
